Map: 暮色之塔

Players

Quail - Winner!

  • Race: Zerg Zerg
  • League: Diamond

电脑难度(困难)

  • Race: Terran Terran

VOD

Have the link to the VOD?

Description

Time

  • Played on: Dec. 4, 2015, 7:39 a.m.
  • Length: 7:59
Show
View Real Time Build Order
Export as new Build Order

Quail Zerg - Winner!

Build Orders: Hatch First 

Get SALT Encoding   

  12  0:01  Drone  
  13  0:08  Drone  
  14  0:17  Overlord  
  14  0:26  Drone, Extractor  
  15  0:35  Drone  
  15  0:36  Drone  
  17  0:47  Drone  
  18  0:55  Hatchery  
  17  1:04  Drone  
  18  1:12  Spawning Pool  
  18  1:15  Drone  
  18  1:19  Extractor  
  18  1:24  Drone  
  18  1:30  Drone  
  19  1:48  Hatchery, Drone  
  19  1:58  Queen  
  21  2:04  Overlord  
  21  2:10  Drone  
  21  2:15  Zergling x4  
  24  2:24  Queen  
  24  2:28  Drone  
  27  2:36  Drone  
  28  2:41  Queen  
  28  2:42  Drone  
  31  2:48  Overlord  
  31  2:57  Overlord  
  31  3:02  Drone x2  
  33  3:08  Extractor  
  33  3:10  Drone x2  
  33  3:12  Drone  
  35  3:13  Drone  
  36  3:21  Lair  
  36  3:25  Zergling x2  
  37  3:30  Queen  
  39  3:34  Drone  
  39  3:40  Drone x3  
  43  3:45  Metabolic Boost  
  43  3:47  Drone  
  44  3:52  Drone x2  
  46  4:00  Roach Warren, Drone  
  46  4:02  Drone  
  48  4:10  Drone x3  
  50  4:17  Overlord x2  
  50  4:28  Overlord x2  
  50  4:39  Drone  
  50  4:40  Drone x2  
  50  4:42  Roach x3  
  50  4:43  Roach x2  
  50  4:45  Roach  
  65  4:49  Queen  
  67  4:53  Glial Reconstitution  
  67  4:55  Drone  
  68  5:06  Drone x3  
  73  5:07  Roach x3  
  73  5:09  Ravager x2  
  73  5:10  Ravager  
  80  5:17  Drone x2  
  82  5:25  Extractor  
  82  5:26  Extractor  
  80  5:30  Hydralisk Den  
  80  5:31  Drone  
  80  5:32  Drone x2  
  80  5:35  Drone, Extractor  
  81  5:36  Extractor  
  81  5:44  Drone  
  81  5:45  Overlord x4  
  82  6:02  Overlord x2  
  82  6:04  Drone x3  
  82  6:05  Drone x8  
  82  6:08  Muscular Augments  
  95  6:11  Roach  
  95  6:25  Drone x2  
  97  6:26  Roach x5  
  97  6:27  Overlord  
  107  6:35  Ravager  
  107  6:36  Ravager x5  
  113  6:41  Zergling x8  
  117  6:49  Hydralisk x2, Roach x3  
  117  6:50  Hydralisk  
  129  7:00  Roach x5  
  136  7:08  Roach  
  138  7:19  Hatchery  
  137  7:23  Overlord x4  
  136  7:32  Roach  
  136  7:34  Overlord x3  
Show
View Real Time Build Order
Export as new Build Order

电脑难度(困难) Terran 

Build Orders:  

Get SALT Encoding   

  12  0:00  SCV  
  13  0:13  SCV  
  14  0:19  Supply Depot  
  14  0:25  SCV  
  15  0:40  SCV  
  15  0:42  Barracks  
  16  0:50  Refinery  
  16  0:52  SCV  
  17  1:04  SCV  
  18  1:17  SCV  
  19  1:19  Supply Depot  
  19  1:29  SCV, Marine  
  21  1:40  Barracks  
  21  1:42  Orbital Command  
  21  1:47  Barracks Tech Lab  
  21  1:49  Refinery  
  21  2:05  Marine  
  21  2:07  Factory  
  22  2:19  Supply Depot  
  22  2:23  Marine  
  23  2:42  Marauder  
  25  2:46  Marine  
  26  2:52  Supply Depot  
  26  2:56  Hellion  
  28  3:06  Marauder  
  30  3:18  Hellion  
  32  3:26  Supply Depot, Marine  
  33  3:34  SCV  
  33  3:39  Hellion  
  36  3:45  Engineering Bay  
  36  3:46  SCV, Marine  
  38  3:58  SCV  
  38  4:00  Hellion  
  41  4:10  SCV  
  41  4:14  Supply Depot  
  42  4:22  SCV, Hellion  
  45  4:34  SCV  
  46  4:43  Hellion  
  48  5:04  Hellion  
  50  6:25  Barracks Tech Lab  
  50  6:26  Marauder  
  50  6:28  Factory  
  50  6:29  Factory Tech Lab  
  50  6:32  Command Center, Starport  
  52  6:36  Starport  
  52  6:39  Supply Depot  
  52  6:41  Missile Turret  
  52  6:42  Missile Turret  
  52  6:45  Barracks  
  52  6:47  Marine  
  52  6:48  Marine  
  30  7:05  Reaper  
  30  7:06  Marine  
  32  7:10  Starport Tech Lab  
  32  7:11  Factory Tech Lab  
  32  7:12  Starport Tech Lab  
  32  7:17  Bunker  
  31  7:24  Marine  
  31  7:28  Sensor Tower  
  30  7:37  Marine  
  30  7:38  Marine  
Tags
 
League
Diamond
Matchup
TvZ
Replay Pack
2015.12.1-12.6
Add a new tag
Caveats
  • Supply blocks, unpowered buildings, or Contaminate may cause inaccurate times.
  • Supply counts are checked every 10 seconds.